details: 'dlvsorc'

« prev index next »

General information

Mini Map

Players

team 1
Random» Orcletohrad (green | 159 APM | 2507 actions | 15:46)
Hero icon 4 Blademaster
Ability icon 2 Wind Walk
Ability icon 2 Critical Strike
Hero icon 4 Shadow Hunter
Ability icon 2 Hex
Ability icon 2 Healing Wave

» actions
Assign group hotkey83
Basic commands4
Build / train72
Enter build submenu16
Enter hero's abilities submenu8
Give item / drop item4
Remove unit from queue2
Right click1298
Select / deselect337
Select group hotkey588
Use ability95
2507 total
» units
Peon19
Grunt4
Wind Rider12
35 total
» upgrades
Ranged Weapons1
Armor1
2 total
» buildings
Altar of Storms1
Orc Burrow6
Barracks1
Stronghold2
Voodoo Lounge1
Beastiary2
Great Hall1
War Mill1
15 total
» build order
00:07 Altar of Storms
00:19 Orc Burrow
00:34 Barracks
01:52 Orc Burrow
02:38 Stronghold
03:20 Voodoo Lounge
03:48 Orc Burrow
05:05 Beastiary
06:30 Great Hall
06:40 Beastiary
07:16 Orc Burrow
09:51 Orc Burrow
11:55 War Mill
12:36 Orc Burrow
» items
Scroll of Speed2
Healing Salve3
Lesser Clarity Potion2
Potion of Lesser Invulnerability2
Scroll of Healing2
11 total
team 2
Random» Undeaderz (yellow | 130 APM | 2061 actions | 15:48)
Hero icon 4 Dreadlord
Ability icon 2 Sleep
Ability icon 2 Vampiric Aura
Hero icon 3 Pandaren Brewmaster
Ability icon 1 Drunken Haze
Ability icon 2 Breath of Fire

» actions
Assign group hotkey586
Basic commands52
Build / train68
ESC pressed4
Enter build submenu14
Enter hero's abilities submenu7
Give item / drop item4
Right click555
Select / deselect239
Select group hotkey389
Use ability143
2061 total
» units
Acolyte3
Ghoul9
Obsidian Statue3
Necromancer3
Crypt Fiend4
Gargoyle9
31 total
» upgrades
Cannibalize1
Necromancer Training1
Ghoul Frenzy1
Web1
4 total
» buildings
Crypt2
Altar of Darkness1
Ziggurat4
Tomb of Relics1
Halls of the Dead5
Graveyard1
Slaughterhouse1
Temple of the Damned1
Black Citadel1
17 total
» build order
00:08 Crypt
00:19 Altar of Darkness
00:35 Ziggurat
01:04 Tomb of Relics
01:36 Ziggurat
02:50 Halls of the Dead
02:50 Halls of the Dead
02:51 Halls of the Dead
02:51 Halls of the Dead
03:11 Graveyard
04:38 Ziggurat
05:37 Slaughterhouse
05:39 Temple of the Damned
06:22 Black Citadel
07:43 Ziggurat
11:58 Crypt
» items
Rod of Necromancy4
Dust of Appearance1
Boots of Speed1
Potion of Healing3
Orb of Corruption2
Potion of Lesser Invulnerability1
Scroll of Town Portal1
13 total